[ AOE2 MATCH · #513859871 ]
UnrankedCiv #61 vs Civ #61
Player's team · LOSS
Rival team · WIN
[ REPLAY ANALYSIS · EXTRACTED FROM THE RECORDED GAME ]
Feudal
10:13
Castle
32:00
Imperial
—
| APM avg | 35.2 |
| APM peak | 65 |
| eAPM avg | 17.6 |
| Villagers / military | 99 / 69 |
Focus
⚔️ 31.9% · 🌾 68.1%
Ballestero montado ×22 · Militia ×20 · Skirmisher ×18 · Spearman ×5 · Mangonel ×4
Feudal
9:18
Castle
32:37
Imperial
—
| APM avg | 52.6 |
| APM peak | 119 |
| eAPM avg | 22.7 |
| Villagers / military | 129 / 90 |
Focus
⚔️ 24.5% · 🌾 75.5%
Unknown (2703) ×52 · Archer ×51 · Scout Cavalry ×18 · Militia ×13 · Mangonel ×3 · Battering Ram ×3
Match map
Initial resources + every placement click. Lines = walls · curves = elevation contours. ◆ gold · ⬟ stone · ● berries · ✦ relic · ◌ wall gap
Your base· Open — unwalled flank
ICEMANIAN's base· Open — unwalled flank
Smoothed initial terrain · ◌ = detected wall gap · hover for details
Inputs per minute
— GwizdeK - - ICEMANIAN
Build order — GwizdeK
First 150 of 277 actions detected
| 0:00 | Queue | Villager (Male) |
| 0:01 | Queue | Villager (Male) |
| 0:02 | Build | House |
| 0:03 | Build | House |
| 0:17 | Queue | Villager (Male) |
| 0:17 | Queue | Villager (Male) |
| 1:24 | Queue | Villager (Male) |
| 1:47 | Build | Lumber Camp |
| 1:59 | Queue | Villager (Male) |
| 2:19 | Queue | Villager (Male) |
| 2:19 | Queue | Villager (Male) |
| 2:52 | Queue | Villager (Male) |
| 3:06 | Queue | Villager (Male) |
| 3:27 | Build | House |
| 3:42 | Queue | Villager (Male) |
| 3:42 | Queue | Villager (Male) |
| 3:59 | Build | Mill |
| 4:06 | Queue | Villager (Male) |
| 4:26 | Queue | Villager (Male) |
| 4:56 | Queue | Villager (Male) |
| 5:09 | Queue | Villager (Male) |
| 5:10 | Queue | Villager (Male) |
| 5:21 | Queue | Villager (Male) |
| 6:07 | Queue | Villager (Male) |
| 6:23 | Build | House |
| 6:30 | Research | Loom |
| 6:45 | Queue | Villager (Male) |
| 8:03 | Research | Feudal Age |
| 8:09 | Build | Mining Camp |
| 8:29 | Build | Barracks |
| 8:32 | Build | House |
| 9:45 | Queue | Militia |
| 9:45 | Queue | Militia |
| 9:47 | Queue | Militia |
| 9:52 | Build | House |
| 9:56 | Build | Palisade Wall |
| 10:13 | Age | Feudal Age |
| 10:19 | Research | Double-Bit Axe |
| 10:20 | Queue | Villager (Male) |
| 10:20 | Queue | Villager (Male) |
| 10:43 | Queue | Villager (Male) |
| 10:46 | Build | Palisade Wall |
| 10:59 | Queue | Militia |
| 11:33 | Research | Man-at-Arms (upgrade) |
| 12:15 | Queue | Militia |
| 12:26 | Queue | Villager (Male) |
| 12:36 | Queue | Villager (Male) |
| 12:41 | Build | Market |
| 12:44 | Build | Archery Range |
| 12:57 | Queue | Villager (Male) |
| 12:58 | Queue | Villager (Male) |
| 13:00 | Build | Farm |
| 13:00 | Build | Farm |
| 13:00 | Build | Farm |
| 13:01 | Build | Farm |
| 13:19 | Queue | Villager (Male) |
| 13:45 | Queue | Villager (Male) |
| 13:49 | Build | Farm |
| 13:58 | Queue | Skirmisher |
| 14:43 | Queue | Skirmisher |
| 14:44 | Queue | Skirmisher |
| 14:51 | Queue | Militia |
| 15:07 | Build | Watch Tower |
| 15:18 | Queue | Skirmisher |
| 15:19 | Queue | Militia |
| 15:19 | Queue | Militia |
| 15:37 | Queue | Militia |
| 15:41 | Build | House |
| 15:42 | Build | House |
| 15:43 | Build | House |
| 16:14 | Build | Barracks |
| 16:29 | Queue | Militia |
| 16:30 | Queue | Skirmisher |
| 16:42 | Build | Farm |
| 16:43 | Build | Farm |
| 16:43 | Build | Farm |
| 16:43 | Build | Farm |
| 16:54 | Queue | Militia |
| 17:01 | Build | Watch Tower |
| 17:15 | Build | Farm |
| 17:22 | Queue | Militia |
| 18:39 | Build | Watch Tower |
| 18:43 | Queue | Militia |
| 18:43 | Queue | Militia |
| 18:53 | Queue | Skirmisher |
| 18:54 | Queue | Skirmisher |
| 18:59 | Queue | Villager (Male) |
| 19:00 | Queue | Villager (Male) |
| 19:02 | Build | Lumber Camp |
| 19:12 | Queue | Militia |
| 19:12 | Queue | Militia |
| 20:00 | Queue | Skirmisher |
| 20:00 | Queue | Skirmisher |
| 20:17 | Build | Palisade Wall |
| 20:20 | Build | Palisade Wall |
| 20:35 | Queue | Militia |
| 20:35 | Queue | Militia |
| 21:00 | Queue | Villager (Male) |
| 21:00 | Queue | Villager (Male) |
| 21:07 | Queue | Militia |
| 21:22 | Build | House |
| 21:25 | Build | Blacksmith |
| 21:42 | Queue | Militia |
| 21:51 | Build | Farm |
| 21:51 | Build | Farm |
| 21:51 | Build | Farm |
| 21:56 | Build | Farm |
| 21:59 | Queue | Villager (Male) |
| 22:00 | Queue | Villager (Male) |
| 22:21 | Queue | Skirmisher |
| 22:21 | Queue | Skirmisher |
| 22:34 | Research | Fletching |
| 23:09 | Build | Farm |
| 23:09 | Build | Farm |
| 23:11 | Build | Farm |
| 23:27 | Build | Watch Tower |
| 23:36 | Build | Lumber Camp |
| 23:55 | Queue | Skirmisher |
| 24:17 | Queue | Villager (Male) |
| 24:17 | Queue | Villager (Male) |
| 24:30 | Queue | Spearman |
| 25:14 | Build | Watch Tower |
| 25:34 | Queue | Villager (Male) |
| 25:36 | Queue | Villager (Male) |
| 25:36 | Queue | Villager (Male) |
| 26:25 | Queue | Skirmisher |
| 26:28 | Build | Farm |
| 26:46 | Queue | Skirmisher |
| 26:49 | Queue | Villager (Male) |
| 27:01 | Queue | Spearman |
| 27:01 | Queue | Spearman |
| 27:05 | Build | House |
| 27:12 | Build | Farm |
| 27:12 | Build | Farm |
| 27:12 | Build | Farm |
| 27:15 | Build | Farm |
| 27:17 | Queue | Villager (Male) |
| 27:23 | Build | Farm |
| 27:42 | Build | House |
| 27:44 | Build | House |
| 28:00 | Build | Farm |
| 29:14 | Queue | Skirmisher |
| 29:14 | Queue | Skirmisher |
| 29:14 | Queue | Skirmisher |
| 29:20 | Research | Castle Age |
| 29:38 | Queue | Skirmisher |
| 30:12 | Build | House |
| 30:15 | Build | House |
| 30:21 | Queue | Villager (Male) |
| 30:22 | Queue | Villager (Male) |
Build order — ICEMANIAN
First 150 of 365 actions detected
| 0:00 | Queue | Villager (Male) |
| 0:00 | Queue | Villager (Male) |
| 0:01 | Build | House |
| 0:02 | Build | House |
| 0:03 | Queue | Villager (Male) |
| 0:03 | Queue | Villager (Male) |
| 1:20 | Queue | Villager (Male) |
| 1:45 | Build | Lumber Camp |
| 2:00 | Queue | Villager (Male) |
| 2:17 | Queue | Villager (Male) |
| 2:49 | Queue | Villager (Male) |
| 3:05 | Queue | Villager (Male) |
| 3:24 | Build | House |
| 3:41 | Queue | Villager (Male) |
| 4:09 | Queue | Villager (Male) |
| 4:10 | Queue | Villager (Male) |
| 4:28 | Build | Mill |
| 4:43 | Queue | Villager (Male) |
| 5:18 | Queue | Villager (Male) |
| 5:19 | Queue | Villager (Male) |
| 5:38 | Queue | Villager (Male) |
| 5:47 | Research | Loom |
| 5:54 | Queue | Villager (Male) |
| 5:55 | Research | Loom |
| 7:08 | Research | Feudal Age |
| 7:35 | Build | Barracks |
| 8:30 | Build | House |
| 8:48 | Queue | Militia |
| 8:48 | Queue | Militia |
| 8:48 | Queue | Militia |
| 8:49 | Queue | Militia |
| 8:54 | Build | House |
| 9:16 | Build | Farm |
| 9:18 | Age | Feudal Age |
| 9:19 | Build | Farm |
| 9:22 | Research | Man-at-Arms (upgrade) |
| 9:30 | Build | House |
| 9:34 | Queue | Villager (Male) |
| 9:34 | Queue | Villager (Male) |
| 9:58 | Build | House |
| 10:11 | Research | Double-Bit Axe |
| 10:12 | Research | Horse Collar |
| 10:17 | Build | House |
| 10:48 | Build | Farm |
| 10:49 | Queue | Villager (Male) |
| 10:52 | Build | Palisade Wall |
| 10:56 | Build | Palisade Gate |
| 11:16 | Queue | Villager (Male) |
| 11:18 | Build | Farm |
| 11:19 | Queue | Villager (Male) |
| 11:32 | Queue | Villager (Male) |
| 12:16 | Build | Mining Camp |
| 12:21 | Build | Archery Range |
| 12:24 | Queue | Villager (Male) |
| 12:26 | Queue | Villager (Male) |
| 12:39 | Queue | Militia |
| 12:39 | Queue | Militia |
| 12:53 | Build | Farm |
| 12:57 | Queue | Archer |
| 12:57 | Queue | Archer |
| 13:00 | Build | Farm |
| 13:06 | Queue | Villager (Male) |
| 13:31 | Build | House |
| 13:33 | Build | House |
| 13:36 | Build | House |
| 13:39 | Build | House |
| 13:50 | Queue | Archer |
| 14:06 | Build | Farm |
| 14:07 | Queue | Villager (Male) |
| 14:10 | Queue | Archer |
| 14:21 | Queue | Archer |
| 14:25 | Build | House |
| 14:53 | Queue | Archer |
| 14:54 | Build | Farm |
| 14:54 | Queue | Villager (Male) |
| 14:59 | Build | Archery Range |
| 15:11 | Queue | Archer |
| 15:16 | Queue | Villager (Male) |
| 15:41 | Queue | Archer |
| 16:30 | Build | Farm |
| 16:31 | Queue | Villager (Male) |
| 16:31 | Queue | Villager (Male) |
| 16:33 | Queue | Archer |
| 16:34 | Queue | Archer |
| 16:34 | Queue | Archer |
| 16:34 | Queue | Archer |
| 16:38 | Build | Blacksmith |
| 16:41 | Queue | Villager (Male) |
| 17:03 | Build | Farm |
| 17:04 | Queue | Villager (Male) |
| 17:27 | Research | Fletching |
| 17:27 | Research | Padded Archer Armor |
| 17:30 | Queue | Archer |
| 17:31 | Build | Farm |
| 17:42 | Research | Wheelbarrow |
| 18:24 | Queue | Villager (Male) |
| 18:31 | Queue | Archer |
| 18:31 | Queue | Archer |
| 18:32 | Queue | Archer |
| 18:32 | Queue | Archer |
| 18:32 | Queue | Archer |
| 18:42 | Queue | Archer |
| 18:58 | Queue | Archer |
| 19:08 | Build | Stable |
| 19:35 | Queue | Archer |
| 19:36 | Queue | Villager (Male) |
| 20:16 | Build | Farm |
| 20:16 | Queue | Villager (Male) |
| 20:57 | Build | Farm |
| 21:01 | Queue | Villager (Male) |
| 21:02 | Queue | Villager (Male) |
| 21:34 | Queue | Villager (Male) |
| 21:36 | Queue | Archer |
| 21:36 | Queue | Archer |
| 21:36 | Queue | Archer |
| 21:38 | Queue | Archer |
| 22:07 | Queue | Villager (Male) |
| 22:10 | Queue | Archer |
| 22:10 | Queue | Archer |
| 22:12 | Queue | Scout Cavalry |
| 22:24 | Queue | Archer |
| 22:43 | Queue | Archer |
| 22:43 | Queue | Archer |
| 22:45 | Build | House |
| 22:47 | Build | House |
| 22:48 | Build | House |
| 22:55 | Build | Palisade Wall |
| 23:09 | Queue | Villager (Male) |
| 23:10 | Queue | Villager (Male) |
| 23:55 | Queue | Archer |
| 23:56 | Queue | Archer |
| 23:56 | Queue | Villager (Male) |
| 23:58 | Build | Farm |
| 23:59 | Queue | Villager (Male) |
| 24:11 | Queue | Scout Cavalry |
| 24:11 | Queue | Villager (Male) |
| 24:27 | Build | Farm |
| 24:28 | Queue | Villager (Male) |
| 24:34 | Queue | Archer |
| 24:34 | Queue | Archer |
| 24:35 | Queue | Archer |
| 24:35 | Queue | Archer |
| 24:39 | Queue | Villager (Male) |
| 24:56 | Queue | Militia |
| 25:17 | Queue | Militia |
| 25:18 | Queue | Militia |
| 25:44 | Queue | Militia |
| 25:45 | Queue | Villager (Male) |
| 25:45 | Queue | Villager (Male) |
| 25:52 | Build | House |
Match timeline
| 7:35 | ICEMANIAN · first_building Barracks |
| 8:29 | GwizdeK · first_building Barracks |
| 9:18 | ICEMANIAN · age_up feudal |
| 9:56 | GwizdeK · wall_segment Palisade Wall x7 |
| 10:13 | GwizdeK · age_up feudal |
| 10:46 | GwizdeK · wall_segment Palisade Wall x11 |
| 10:52 | ICEMANIAN · wall_segment Palisade Wall x6 |
| 12:21 | ICEMANIAN · first_building Archery Range |
| 12:44 | GwizdeK · first_building Archery Range |
| 16:40 | GwizdeK · first_market_buy 100 stone |
| 19:08 | ICEMANIAN · first_building Stable |
| 20:17 | GwizdeK · wall_segment Palisade Wall x1 |
| 20:20 | GwizdeK · wall_segment Palisade Wall x1 |
| 22:55 | ICEMANIAN · wall_segment Palisade Wall x1 |
| 29:39 | ICEMANIAN · first_market_buy 100 food |
| 32:00 | GwizdeK · age_up castle |
| 32:37 | ICEMANIAN · age_up castle |
| 35:30 | ICEMANIAN · first_building Siege Workshop |
| 35:47 | GwizdeK · first_building Siege Workshop |
| 36:41 | ICEMANIAN · first_building Monastery |
| 42:57 | GwizdeK · first_market_sell 100 food |
| 43:46 | GwizdeK · wall_segment Palisade Wall x1 |
| 43:50 | GwizdeK · wall_segment Palisade Wall x1 |
| 48:13 | GwizdeK · first_building Stable |
| 48:32 | ICEMANIAN · first_market_sell 100 wood |
| 49:16 | GwizdeK · resign |
[ AI ANALYSIS · 1 CREDIT ]
What really happened in this match?
Wolo.gg analyzes every decision: build order, eco, micro, common mistakes by bracket. Personalized analysis on WhatsApp or Discord in 30 seconds.
Civ guide
Civ #61
Perfil
Jugador #245082